TOP OF THE 1ST |
San Mateo Dirty Reds batting - Pitching for Nashville Outlaws : RHP Jesús Cruz
|
Pitching: RHP Jesús Cruz
|
|
Batting: LHB Richard Edwards
|
0-0: Ball 1-0: Called Strike 1-1: Ball 2-1: Ground out 6-3 (Groundball, 6, EV 77.5 MPH)
|
Batting: RHB Tae-cho Han
|
0-0: SINGLE (Line Drive, 6MD, EV 97.5 MPH)
|
Batting: LHB Tom Burton
|
0-0: Called Strike 0-1: Fly out, F7 (Flyball, 78S, EV 86.2 MPH)
|
Batting: LHB Palaie Gaoteote
|
0-0: Called Strike 0-1: Called Strike 0-2: Foul Ball, location: 2F 0-2: Ball 1-2: Hit by Pitch Tae-cho Han to second
|
Batting: RHB Zahid Kashani
|
0-0: Ball 1-0: Fielders Choice at 2nd, 5-4 (Groundball, 5, EV 84.4 MPH)
|
Top of the 1st over - 0 runs, 1 hit, 0 errors, 2 left on base; San Mateo 0 - Nashville 0 |
BOTTOM OF THE 1ST |
Nashville Outlaws batting - Pitching for San Mateo Dirty Reds : RHP Ratko Davidovic
|
Pitching: RHP Ratko Davidovic
|
|
Batting: LHB Juan Caro
|
0-0: Foul Ball, location: 2F 0-1: Fly out, F4 (Line Drive, 4, EV 61.9 MPH)
|
Batting: LHB Juan Santángel
|
0-0: Ball 1-0: Ball 2-0: Called Strike 2-1: Swinging Strike 2-2: Ball 3-2: Foul Ball, location: 2F 3-2: Strikes out swinging
|
Batting: RHB Javier Sierra
|
0-0: Ball 1-0: Ball 2-0: Ground out 4-3 (Groundball, 4, EV 91.9 MPH)
|
Bottom of the 1st over - 0 runs, 0 hits, 0 errors, 0 left on base; San Mateo 0 - Nashville 0 |
TOP OF THE 2ND |
San Mateo Dirty Reds batting - Pitching for Nashville Outlaws : RHP Jesús Cruz
|
Batting: RHB Arsenio Laurel
|
0-0: Ball 1-0: Fly out, F9 (Flyball, 9S, EV 93.1 MPH)
|
Batting: RHB Paul Tate
|
0-0: Ball 1-0: Called Strike 1-1: Fly out, F4 (Popup, 34S, EV 78.8 MPH)
|
Batting: RHB James Hemwick
|
0-0: Ball 1-0: Foul Ball, location: 2F 1-1: Ball 2-1: Foul Ball, location: 2F 2-2: Foul Ball, location: 2F 2-2: Fly out, F6 (Popup, 6, EV 72.5 MPH)
|
Top of the 2nd over - 0 runs, 0 hits, 0 errors, 0 left on base; San Mateo 0 - Nashville 0 |
BOTTOM OF THE 2ND |
Nashville Outlaws batting - Pitching for San Mateo Dirty Reds : RHP Ratko Davidovic
|
Batting: LHB Nikolai Volkoff
|
0-0: Ball 1-0: Swinging Strike 1-1: Called Strike 1-2: Ground out 4-3 (Groundball, 4, EV 97.5 MPH)
|
Batting: RHB Jong-yun Rhee
|
0-0: Foul Ball, location: 2F 0-1: Swinging Strike 0-2: SINGLE (Groundball, 6MD, EV 101.2 MPH)
|
Batting: LHB Bartolo Soto
|
0-0: Fielders Choice at 2nd, 1-6 (Groundball, 34S, EV 88.1 MPH)
|
Batting: LHB Duff Eckstein
|
0-0: Ball 1-0: Called Strike 1-1: Ground out U3 (Groundball, 3, EV 92.5 MPH)
|
Bottom of the 2nd over - 0 runs, 1 hit, 0 errors, 1 left on base; San Mateo 0 - Nashville 0 |
TOP OF THE 3RD |
San Mateo Dirty Reds batting - Pitching for Nashville Outlaws : RHP Jesús Cruz
|
Batting: RHB Ambrose Watkins
|
0-0: Called Strike 0-1: Ball 1-1: Ball 2-1: Ground out 5-3 (Groundball, 56S, EV 64.4 MPH)
|
Batting: LHB Richard Edwards
|
0-0: Called Strike 0-1: Swinging Strike 0-2: Foul Ball, location: 2F 0-2: SINGLE (Line Drive, 6D, EV 96.2 MPH)
|
Batting: RHB Tae-cho Han
|
0-0: Ball 1-0: DOUBLE (Line Drive, 9LM, EV 106.2 MPH) Richard Edwards to third
|
Batting: LHB Tom Burton
|
0-0: 3-RUN HOME RUN (Flyball, 7D, EV 100.0 MPH), Distance : 389 ft
|
Batting: LHB Palaie Gaoteote
|
0-0: DOUBLE (Line Drive, 78M, EV 105.0 MPH)
|
Batting: RHB Zahid Kashani
|
0-0: Called Strike 0-1: Ball 1-1: Fly out, F8 (Flyball, 8LS, EV 89.4 MPH)
|
Batting: RHB Arsenio Laurel
|
0-0: Ball 1-0: Fly out, F8 (Flyball, 89XD, EV 103.1 MPH)
|
Top of the 3rd over - 3 runs, 4 hits, 0 errors, 1 left on base; San Mateo 3 - Nashville 0 |
BOTTOM OF THE 3RD |
Nashville Outlaws batting - Pitching for San Mateo Dirty Reds : RHP Ratko Davidovic
|
Batting: RHB Mike Case
|
0-0: Called Strike 0-1: Fly out, F7 (Flyball, 78D, EV 86.2 MPH)
|
Batting: RHB Jiao-long Xú
|
0-0: Called Strike 0-1: Ball 1-1: Ball 2-1: Single, Error in OF, E8, batter to second base (Line Drive, 4M, EV 100.0 MPH)
|
Batting: LHB Juan Caro
|
0-0: Fly out, F5 (Popup, 5DF, EV 73.1 MPH)
|
Batting: LHB Juan Santángel
|
0-0: Hit by Pitch
|
Batting: RHB Javier Sierra
|
0-0: Ball 1-0: Ball 2-0: Swinging Strike 2-1: Ball 3-1: Foul Ball, location: 2F 3-2: Strikes out looking
|
Bottom of the 3rd over - 0 runs, 1 hit, 1 error, 2 left on base; San Mateo 3 - Nashville 0 |
TOP OF THE 4TH |
San Mateo Dirty Reds batting - Pitching for Nashville Outlaws : RHP Jesús Cruz
|
Batting: RHB Paul Tate
|
0-0: Foul Ball, location: 2F 0-1: Called Strike 0-2: Ball 1-2: Ball 2-2: Ball 3-2: Foul Ball, location: 2F 3-2: SINGLE (Line Drive, 4D, EV 100.6 MPH)
|
Batting: RHB James Hemwick
|
0-0: Called Strike 0-1: Fielders Choice at 2nd, 1-4 (Groundball, 15, EV 69.4 MPH)
|
Batting: RHB Ambrose Watkins
|
0-0: Grounds into double play, 4-6-3 (Groundball, 34, EV 98.1 MPH)
|
Top of the 4th over - 0 runs, 1 hit, 0 errors, 0 left on base; San Mateo 3 - Nashville 0 |
BOTTOM OF THE 4TH |
Nashville Outlaws batting - Pitching for San Mateo Dirty Reds : RHP Ratko Davidovic
|
Batting: LHB Nikolai Volkoff
|
0-0: SINGLE (Groundball, 34D, EV 95.6 MPH)
|
Batting: RHB Jong-yun Rhee
|
0-0: Foul Ball, location: 2F 0-1: Ball 1-1: Called Strike 1-2: Foul Ball, location: 2F 1-2: Ball 2-2: Strikes out swinging
|
Batting: LHB Bartolo Soto
|
0-0: SINGLE (Groundball, 34S, EV 66.9 MPH) (infield hit) Nikolai Volkoff to second
|
Batting: LHB Duff Eckstein
|
0-0: Foul Ball, location: 2F 0-1: Foul Ball, location: 2F 0-2: Ball 1-2: Grounds into double play, 6-4-3 (Groundball, 6, EV 92.5 MPH)
|
Bottom of the 4th over - 0 runs, 2 hits, 0 errors, 1 left on base; San Mateo 3 - Nashville 0 |
TOP OF THE 5TH |
San Mateo Dirty Reds batting - Pitching for Nashville Outlaws : RHP Jesús Cruz
|
Batting: LHB Richard Edwards
|
0-0: Swinging Strike 0-1: Ball 1-1: Called Strike 1-2: Ball 2-2: Foul Ball, location: 2F 2-2: Ball 3-2: Base on Balls
|
Batting: RHB Tae-cho Han
|
0-0: Called Strike 0-1: Ball 1-1: Ball 2-1: Ball 3-1: Base on Balls Richard Edwards to second
|
Batting: LHB Tom Burton
|
0-0: Called Strike 0-1: Ball 1-1: Ball 2-1: Foul Ball, location: 2F 2-2: Ball 3-2: Foul Ball, location: 2F 3-2: Foul Ball, location: 2F 3-2: Base on Balls Richard Edwards to third Tae-cho Han to second
|
Batting: LHB Palaie Gaoteote
|
0-0: Ball 1-0: Called Strike 1-1: Ball Wild Pitch! Richard Edwards scores Tae-cho Han to third Tom Burton to second 2-1: Foul Ball, location: 2F 2-2: Ball 3-2: Foul Ball, location: 2F 3-2: Base on Balls
|
Batting: RHB Zahid Kashani
|
0-0: Ball 1-0: Called Strike 1-1: Fly out, F7 (Flyball, 7LMF, EV 84.4 MPH) Runner from 3rd tags up, SCORES, throw by LF
|
Pitching: LHP Shinzo Kumagai
|
|
Batting: RHB Arsenio Laurel
|
0-0: Fly out, F2 (Popup, 2R, EV 94.4 MPH)
|
Batting: RHB Paul Tate
|
0-0: Called Strike 0-1: Ball 1-1: Foul Ball, location: 2F 1-2: Strikes out swinging
|
Top of the 5th over - 2 runs, 0 hits, 0 errors, 2 left on base; San Mateo 5 - Nashville 0 |
BOTTOM OF THE 5TH |
Nashville Outlaws batting - Pitching for San Mateo Dirty Reds : RHP Ratko Davidovic
|
Batting: RHB Mike Case
|
0-0: Called Strike 0-1: Reaches on Catchers interference
|
Batting: RHB Jiao-long Xú
|
0-0: Called Strike Mike Case is caught stealing 2nd base 2-4 0-1: Ground out 5-3 (Groundball, 5, EV 77.5 MPH)
|
Batting: LHB Juan Caro
|
0-0: Ball 1-0: Swinging Strike 1-1: SINGLE (Line Drive, 8RS, EV 108.1 MPH)
|
Batting: LHB Juan Santángel
|
0-0: Ball 1-0: Ball 2-0: Ground out U3 (Groundball, 3S, EV 79.4 MPH)
|
Bottom of the 5th over - 0 runs, 1 hit, 1 error, 1 left on base; San Mateo 5 - Nashville 0 |
TOP OF THE 6TH |
San Mateo Dirty Reds batting - Pitching for Nashville Outlaws : LHP Shinzo Kumagai
|
Batting: RHB James Hemwick
|
0-0: Called Strike 0-1: Foul Ball, location: 2F 0-2: Ball 1-2: Ground out 5-3 (Groundball, 56, EV 89.4 MPH)
|
Batting: RHB Ambrose Watkins
|
0-0: Swinging Strike 0-1: Fly out, F7 (Flyball, 7LS, EV 95.0 MPH)
|
Batting: LHB Richard Edwards
|
0-0: Ball 1-0: Swinging Strike 1-1: Foul Ball, location: 2F 1-2: SINGLE (Groundball, 6MD, EV 94.4 MPH)
|
Batting: RHB Tae-cho Han
|
0-0: Ball 1-0: Called Strike 1-1: DOUBLE (Line Drive, 8LXD, EV 107.5 MPH) Richard Edwards to third Runner from 3rd tries for Home, SAFE, no throw by CF
|
Batting: LHB Tom Burton
|
0-0: Swinging Strike 0-1: SINGLE (Groundball, 4MD, EV 98.1 MPH) Tae-cho Han to third Runner from 3rd tries for Home, SAFE, throw by CF to home
|
Batting: LHB Palaie Gaoteote
|
0-0: Called Strike 0-1: Foul Ball, location: 2F 0-2: Ball 1-2: SINGLE (Groundball, 4MD, EV 102.5 MPH) Tom Burton to second
|
Batting: RHB Zahid Kashani
|
0-0: Foul Ball, location: 2F 0-1: Foul Ball, location: 2F 0-2: Ball 1-2: Ball 2-2: TRIPLE (Line Drive, 9LD, EV 103.1 MPH) Tom Burton scores Palaie Gaoteote scores
|
Batting: RHB Arsenio Laurel
|
0-0: Ball 1-0: Ball 2-0: Ground out 5-3 (Groundball, 56S, EV 78.8 MPH)
|
Top of the 6th over - 4 runs, 5 hits, 0 errors, 1 left on base; San Mateo 9 - Nashville 0 |
BOTTOM OF THE 6TH |
Nashville Outlaws batting - Pitching for San Mateo Dirty Reds : RHP Ratko Davidovic
|
Batting: RHB Javier Sierra
|
0-0: Called Strike 0-1: Ball 1-1: Foul Ball, location: 2F 1-2: Strikes out swinging
|
Batting: LHB Nikolai Volkoff
|
0-0: Ball 1-0: Foul Ball, location: 2F 1-1: Ball 2-1: Ball 3-1: Fly out, F8 (Line Drive, 8RD, EV 85.0 MPH)
|
Batting: RHB Jong-yun Rhee
|
0-0: DOUBLE (Flyball, 8RXD, EV 98.1 MPH)
|
Batting: LHB Bartolo Soto
|
0-0: Ball 1-0: Ball 2-0: Called Strike 2-1: Called Strike 2-2: Strikes out swinging
|
Bottom of the 6th over - 0 runs, 1 hit, 0 errors, 1 left on base; San Mateo 9 - Nashville 0 |
TOP OF THE 7TH |
San Mateo Dirty Reds batting - Pitching for Nashville Outlaws : LHP Shinzo Kumagai
|
Batting: RHB Paul Tate
|
0-0: Ground out 6-3 (Groundball, 4MD, EV 99.4 MPH)
|
Batting: RHB James Hemwick
|
0-0: Swinging Strike 0-1: Ball 1-1: Foul Ball, location: 2F 1-2: Ball 2-2: Foul Ball, location: 2F 2-2: Ball 3-2: Strikes out swinging
|
Batting: RHB Ambrose Watkins
|
0-0: Called Strike 0-1: Ball 1-1: Ball 2-1: Ball 3-1: SINGLE (Groundball, 56D, EV 106.2 MPH)
|
Pitching: RHP Tim Nesheim
|
|
Batting: LHB Richard Edwards
|
0-0: Called Strike 0-1: Ball 1-1: Foul Ball, location: 2F 1-2: Strikes out looking
|
Top of the 7th over - 0 runs, 1 hit, 0 errors, 1 left on base; San Mateo 9 - Nashville 0 |
BOTTOM OF THE 7TH |
Nashville Outlaws batting - Pitching for San Mateo Dirty Reds : RHP Ratko Davidovic
|
Batting: LHB Duff Eckstein
|
0-0: Swinging Strike 0-1: Ball 1-1: Swinging Strike 1-2: Foul Ball, location: 2F 1-2: SINGLE (Groundball, 6MD, EV 104.4 MPH)
|
Batting: RHB Mike Case
|
0-0: Ball 1-0: Called Strike 1-1: Foul Ball, location: 2F 1-2: Fly out, F8 (Flyball, 8LD, EV 80.6 MPH)
|
Batting: RHB Jiao-long Xú
|
0-0: Ball 1-0: Ball 2-0: Called Strike 2-1: Foul Ball, location: 2F 2-2: Grounds into double play, 4-6-3 (Groundball, 4, EV 105.0 MPH)
|
Bottom of the 7th over - 0 runs, 1 hit, 0 errors, 0 left on base; San Mateo 9 - Nashville 0 |
TOP OF THE 8TH |
San Mateo Dirty Reds batting - Pitching for Nashville Outlaws : RHP Tim Nesheim
|
Batting: RHB Tae-cho Han
|
0-0: Ball 1-0: SINGLE (Flyball, 9LS, EV 85.6 MPH)
|
Batting: LHB Tom Burton
|
0-0: Ball 1-0: Fly out, F9 (Flyball, 9, EV 88.1 MPH)
|
Batting: LHB Palaie Gaoteote
|
0-0: Ball 1-0: Foul Ball, location: 2F 1-1: Ball 2-1: Called Strike 2-2: Strikes out swinging
|
Batting: RHB Zahid Kashani
|
0-0: Called Strike 0-1: Foul Ball, location: 2F 0-2: Ball 1-2: Ball 2-2: Strikes out looking
|
Top of the 8th over - 0 runs, 1 hit, 0 errors, 1 left on base; San Mateo 9 - Nashville 0 |
BOTTOM OF THE 8TH |
Nashville Outlaws batting - Pitching for San Mateo Dirty Reds : RHP Ratko Davidovic
|
Batting: LHB Juan Caro
|
0-0: Called Strike 0-1: Ball 1-1: SINGLE (Groundball, 6D, EV 93.8 MPH)
|
Batting: LHB Juan Santángel
|
0-0: Called Strike 0-1: Ball 1-1: Ball 2-1: Swinging Strike 2-2: Strikes out looking
|
Batting: RHB Javier Sierra
|
0-0: Called Strike 0-1: Ball 1-1: Ball 2-1: Swinging Strike 2-2: Foul Ball, location: 2F 2-2: Foul Ball, location: 2F 2-2: Strikes out swinging
|
Pitching: RHP Júlio Antunez
|
|
Batting: LHB Nikolai Volkoff
|
0-0: Ball 1-0: Swinging Strike 1-1: Called Strike 1-2: Strikes out swinging
|
Bottom of the 8th over - 0 runs, 1 hit, 0 errors, 1 left on base; San Mateo 9 - Nashville 0 |
TOP OF THE 9TH |
San Mateo Dirty Reds batting - Pitching for Nashville Outlaws : RHP Tim Nesheim
|
Batting: RHB Arsenio Laurel
|
0-0: Swinging Strike 0-1: Ball 1-1: Swinging Strike 1-2: Strikes out swinging
|
Batting: RHB Paul Tate
|
0-0: Foul Ball, location: 2F 0-1: Ball 1-1: Foul Ball, location: 2F 1-2: Ball 2-2: Ball 3-2: Base on Balls
|
Batting: RHB James Hemwick
|
0-0: Ball 1-0: Foul Ball, location: 2F 1-1: Ball 2-1: Ball 3-1: Foul Ball, location: 2F 3-2: Fly out, F9 (Flyball, 89S, EV 85.0 MPH)
|
Batting: RHB Ambrose Watkins
|
0-0: Swinging Strike 0-1: Fielders Choice at 2nd, 6-4 (Groundball, 6, EV 92.5 MPH)
|
Top of the 9th over - 0 runs, 0 hits, 0 errors, 1 left on base; San Mateo 9 - Nashville 0 |
BOTTOM OF THE 9TH |
Nashville Outlaws batting - Pitching for San Mateo Dirty Reds : RHP Júlio Antunez
|
Batting: RHB Jong-yun Rhee
|
0-0: Ball 1-0: Ball 2-0: Foul Ball, location: 2F 2-1: Fly out, F7 (Flyball, 7, EV 91.2 MPH)
|
Batting: LHB Bartolo Soto
|
0-0: Foul Ball, location: 2F 0-1: Ball 1-1: Ground out 6-3 (Groundball, 6, EV 108.1 MPH)
|
Batting: LHB Duff Eckstein
|
0-0: SINGLE (Line Drive, 5D, EV 98.8 MPH)
|
Batting: RHB Mike Case
|
0-0: Fly out, F8 (Line Drive, 8RM, EV 90.6 MPH)
|
Bottom of the 9th over - 0 runs, 1 hit, 0 errors, 1 left on base; San Mateo 9 - Nashville 0 |
|